 Dungeon Crawl Stone Soup version 0.31-a0-1570-g93c622d222 (webtiles) character file.

Game seed: 8080012208965443506

259 dialectric the Ruffian (level 5, -1/46 HPs)
             Began as a Draconian Shapeshifter on Jan 3, 2024.
             Splashed by a jelly's acid (5 damage)
             ... on level 4 of the Dungeon on Jan 4, 2024.
             The game lasted 00:03:14 (2246 turns).

dialectric the Ruffian (Draconian Shapeshifter)     Turns: 2246, Time: 00:03:15

Health: -1/46      AC: -7    Str: 16    XL:     5   Next: 94%
Magic:  5/5        EV: 12    Int: 11    God:
Gold:   116        SH:  0    Dex: 12    Spells: 4/4 levels left

rFire   . . .        q - +0 short sword (venom)
rCold   . . .        (no shield)
rNeg    + . .        (body armour unavailable)
rPois   .            (helmet currently unavailable)
rElec   .            (cloak currently unavailable)
rCorr   .            (gloves currently unavailable)
SInv    .            (boots currently unavailable)
Will    .....        (no amulet)
Stlth   +            d - ring of positive energy
HPRegen 0.27/turn    f - ring of flight
MPRegen 0.09/turn

%: no passive effects
@: beast-form, corroded, flying
A: beast (slay +2), AC +5, unfitting armour, cold-blooded
a: Begin Untransformation


You were on level 4 of the Dungeon.
You were a hulking beast.
You visited 1 branch of the dungeon, and saw 4 of its levels.

You collected 116 gold pieces.

Inventory:

Hand Weapons
 o - a +2 short sword of holy wrath
 q - a +0 short sword of venom (weapon)
Jewellery
 d - a ring of positive energy (left hand)
 f - a ring of flight (right hand)
 k - a ring of willpower
 m - a ring of willpower
 w - a ring of see invisible
Talismans
 b - a beast talisman
 c - a flux talisman
Scrolls
 h - a scroll of fog {unknown}
 i - 4 scrolls of summoning {unknown}
 j - a scroll of immolation {unknown}
 n - a scroll of identify {unknown}
 p - a scroll of poison {unknown}
 u - a scroll of enchant weapon {unknown}
Potions
 a - 2 potions of lignification
 e - a potion of enlightenment {unknown}
 g - a potion of mutation {unknown}
 l - 2 potions of curing {unknown}
 r - a potion of brilliance {unknown}
 s - a potion of might {unknown}
 t - a potion of haste {unknown}
 v - a potion of berserk rage {unknown}


   Skills:
 * Level 3.8 Fighting
 + Level 1.3 Short Blades
 + Level 2.9 Dodging
 + Level 3.9 Unarmed Combat
 + Level 3.7 Shapeshifting


You had 4 spell levels left.
You didn't know any spells.
Your spell library was empty.

Dungeon Overview and Level Annotations

Branches:
Dungeon (4/15)
 Temple: D:4-7

Altars:

Annotations:
D:2 Robin
D:3 Pargi


Innate Abilities, Weirdness & Mutations

You are a hulking beast.
Your limbs bulge with bestial killing power. (Slay +2)
Your plain brown scales are hard. (AC +5)
You cannot fit into any form of body armour.
You are cold-blooded and may be slowed by cold attacks.


Message History

No target in view!
An adder comes into view.
Found a fuming inky potion.
An adder is nearby!
Found a club.
An adder is nearby!
You barely miss the adder. The adder bites you.
You hit the adder.
The adder is poisoned.
The adder is heavily wounded.
The adder barely misses you.
You barely miss the adder. You punch the adder.
You kill the adder!
No target in view!
No target in view!
No target in view!
No target in view!
No target in view!
w - a ring of see invisible You see here a +0 arbalest.
Okay, then.
A jelly comes into view.
You see here a fuming inky potion.
A jelly is nearby!
A jelly is nearby!
A jelly is nearby!
The jelly hits you. The acid corrodes you!
You are splashed with acid!
You hit the jelly but do no damage.
Your hands burn!
The jelly hits you. The acid corrodes you!
You are splashed with acid!
You are too injured to fight recklessly!
You hit the jelly but do no damage.
Your hands burn!
You tail-slap the jelly, but do no damage.
Unknown command.
You hit the jelly but do no damage.
Your hands burn!
* * * LOW HITPOINT WARNING * * *
The jelly hits you.
* * * LOW HITPOINT WARNING * * *
The acid corrodes you!
You are splashed with acid!
* * * LOW HITPOINT WARNING * * *
You hit the jelly.
Your hands burn!
You die...

...................
................. ...
.#.........#...# ###...
.#.........#...###......
.......####......#......
.............!..........
....#...#.............#
....#...+.#.........##
#####...###.....hJ..#
..### ######.....# ..
#.....# #.....# #
#.....# # ......# #
....... ....##..


You could see a jelly.

Vanquished Creatures
  A bombardier beetle (D:4)
  An orc priest (D:4)
  2 iguanas
  Terence (D:3)
  5 adders
  5 dart slugs
  A ribbon worm (D:2)
  2 orcs (D:4)
  6 endoplasms
  3 giant cockroaches
  8 goblins
  3 hobgoblins
  3 jackals (D:2)
  4 quokkas
  A ball python (D:3)
  3 bats
  3 frilled lizards
  3 kobolds
  10 rats
65 creatures vanquished.

Notes
Turn   | Place    | Note
-------+----------+-------------------------------------------
     0 | D:1      | dialectric the Draconian Shapeshifter began the quest for
                  | the Orb.
     0 | D:1      | Reached XP level 1. HP: 16/16 MP: 1/1
   283 | D:1      | Found a faded altar of an unknown god.
   331 | D:1      | Reached XP level 2. HP: 20/23 MP: 2/2
   788 | D:2      | Reached XP level 3. HP: 23/29 MP: 3/3
  1217 | D:2      | Noticed Robin
  1404 | D:3      | Noticed Pargi
  1565 | D:3      | Noticed Terence
  1576 | D:3      | Killed Terence
  1577 | D:3      | Reached XP level 4. HP: 29/37 MP: 4/4
  1880 | D:3      | Reached XP level 5. HP: 24/45 MP: 5/5
  2099 | D:4      | Reached skill level 1 in Short Blades
  2246 | D:4      | Splashed by a jelly's acid

Illustrated notes

Levels and vault maps discovered:
D:1:      minmay_arrival_split_and_join, layout_loops_ring,
          ebering_ecumenical_altar_hall, serial_aquarium, aquarium_bridge_square
          [aquarium_subvault_balcony, aquarium_subvault_wall,
          aquarium_subvault_bridge, aquarium_subvault_window],
          aquarium_bridge_square [aquarium_subvault_bridge,
          aquarium_subvault_bridge, aquarium_subvault_wall,
          aquarium_subvault_window], aquarium_window_corner, aquarium_window_1,
          aquarium_view_2b, aquarium_pool_five
D:2:      layout_basic, uniq_robin
D:3:      layout_basic, uniq_pargi, uniq_terence
D:4:      layout_basic

Skill      XL: |  1  2  3  4  5 |
---------------+----------------+-----
Dodging        | 2 |  2.9
Fighting       | 2 3 |  3.8
Short Blades   | 1 |  1.3
Unarmed Combat | |  3.9
Shapeshifting  | |  3.7

Action                     |  1- 3 |  4- 6 || total
---------------------------+-------+-------++-------
  Melee: Unarmed           |   106 |       ||   106
         Tailslap          |     6 |    13 ||    19
         Punch             |     1 |     3 ||     4
         Short sword       |       |    78 ||    78
   Stab: Sleeping          |     2 |       ||     2
 Armour: Skin              |    81 |    34 ||   115
  Dodge: Dodged            |   104 |    45 ||   149

Table legend: (Time is in decaauts)
 A = Elapsed time spent in this place.
 B = Non-inter-level travel time spent in this place.
 C = Inter-level travel time spent in this place.
 D = Time resting spent in this place.
 E = Time spent auto-exploring this place.
 F = Levels seen in this place.
 G = Mean time per level.
                   A        B        C        D        E       F      G
               +--------+--------+--------+--------+--------+-----+--------+
         Total |   2234 |   2234 |      0 |    173 |   1555 |   4 |  558.5 |
       Dungeon |   2234 |   2234 |      0 |    173 |   1555 |   4 |  558.5 |
               +--------+--------+--------+--------+--------+-----+--------+

Top non-repeatable levels by time:
     D:3: 692 daAuts
     D:1: 630 daAuts
     D:2: 589 daAuts
     D:4: 322 daAuts
